Map: King Sejong Station LE

Players

Fropez - Winner!

  • Race: Protoss Protoss
  • League: Silver
  • Spawn Location: 5:00

ServiPoena

  • Race: Zerg Zerg
  • League: Bronze
  • Spawn Location: 11:00

VOD

Have the link to the VOD?

Description

Time

  • Played on: June 23, 2016, 11:35 a.m.
  • Length: 9:42
Show
View Real Time Build Order
Export as new Build Order

Fropez Protoss - Winner!

Build Orders: Mass Adepts 

Get SALT Encoding   

  12  0:01  Probe (Chrono Boost)  
  13  0:12  Probe (Chrono Boost)  
  14  0:21  Pylon  
  14  0:23  Probe (Chrono Boost)  
  15  0:39  Probe (Chrono Boost)  
  15  0:40  Gateway  
  16  0:48  Pylon  
  16  0:52  Probe (Chrono Boost)  
  17  1:04  Gateway  
  17  1:15  Gateway  
  17  1:17  Probe (Chrono Boost)  
  18  1:26  Assimilator  
  18  1:32  Pylon  
  18  1:33  Probe (Chrono Boost)  
  19  1:51  Cybernetics Core  
  19  1:52  Probe (Chrono Boost)  
  19  2:03  Probe (Chrono Boost)  
  20  2:20  Assimilator  
  20  2:21  Probe (Chrono Boost)  
  21  2:28  Adept  
  21  2:29  Adept  
  25  2:30  Adept  
  25  2:34  Probe (Chrono Boost)  
  28  2:37  Warp Gate (Chrono Boost)  
  29  2:55  Adept  
  29  2:56  Adept  
  32  2:58  Adept  
  34  3:19  Pylon  
  35  3:22  Adept  
  35  3:24  Mothership Core  
  38  3:30  Pylon  
  38  3:37  Adept  
  40  3:45  Probe  
  41  3:52  Pylon  
  41  3:58  Probe  
  42  4:04  Forge  
  42  4:08  Twilight Council  
  42  4:27  Adept x2  
  42  4:28  Adept  
  48  5:28  Adept x3  
  48  5:30  Probe (Chrono Boost)  
  48  5:31  Resonating Glaives (Chrono Boost)  
  48  5:33  Protoss Ground Weapons Level 1  
  52  5:42  Probe  
  52  5:44  Nexus  
  52  5:48  Pylon  
  52  5:53  Adept x3  
  58  6:00  Probe  
  59  6:15  Adept x3  
  65  6:21  Gateway  
  65  6:35  Assimilator  
  65  6:36  Adept x2  
  65  6:38  Adept  
  71  7:25  Probe  
  71  7:28  Protoss Ground Weapons Level 2 (Chrono Boost)  
  72  7:30  Assimilator  
  72  7:34  Adept x3  
  72  7:35  Gateway  
  78  7:37  Gateway  
  78  7:38  Adept  
  80  7:53  Probe  
  80  7:56  Adept x2  
  85  8:03  Pylon  
  85  8:06  Pylon, Probe  
  78  9:32  Adept x3  
  78  9:33  Adept x3  
Show
View Real Time Build Order
Export as new Build Order

ServiPoena Zerg 

Build Orders: Hatch First 

Get SALT Encoding   

  12  0:06  Drone  
  13  0:13  Overlord  
  13  0:18  Drone  
  14  0:34  Drone x2  
  16  0:47  Drone  
  17  0:58  Hatchery  
  17  0:59  Drone  
  17  1:05  Drone  
  18  1:14  Drone  
  19  1:23  Extractor  
  18  1:26  Drone  
  18  1:30  Spawning Pool  
  18  1:36  Extractor, Drone  
  18  1:52  Drone  
  18  1:53  Evolution Chamber  
  18  2:02  Drone  
  19  2:09  Drone  
  20  2:18  Queen  
  20  2:20  Queen  
  24  2:27  Zergling x2, Drone  
  24  2:28  Roach Warren  
  25  2:31  Drone  
  26  2:40  Overlord  
  26  2:48  Extractor  
  25  2:53  Drone  
  26  3:07  Drone  
  26  3:08  Zergling x2  
  26  3:09  Drone  
  26  3:10  Drone x2, Roach  
  33  3:20  Zerg Missile Weapons Level 1  
  33  3:23  Queen  
  33  3:24  Evolution Chamber  
  35  3:27  Drone  
  35  3:31  Drone  
  36  3:35  Overlord  
  36  3:53  Queen  
  38  4:02  Drone x4  
  42  4:03  Drone  
  43  4:15  Overlord x2  
  43  4:17  Drone  
  44  4:21  Zerg Ground Armor Level 1  
  44  4:23  Lair  
  44  4:37  Extractor  
  44  4:38  Extractor  
  42  4:45  Zergling x2  
  42  4:46  Zergling x16  
  42  4:48  Zergling x2  
  41  5:12  Zergling x6  
  41  5:13  Spine Crawler, Zergling x4  
  27  5:28  Zergling x2, Drone  
  20  5:40  Drone x2  
  22  5:59  Drone  
  23  6:17  Drone x2  
  25  6:32  Drone  
  26  6:33  Drone  
  27  6:40  Drone  
  28  6:47  Drone  
  29  6:56  Roach  
  29  6:59  Drone  
  32  7:03  Drone  
  33  7:18  Spine Crawler  
  33  7:20  Drone  
  33  7:21  Drone  
  35  7:30  Drone  
  35  7:32  Roach  
  35  7:36  Drone  
  38  7:45  Metabolic Boost  
  38  7:54  Drone  
  38  7:55  Drone, Roach  
  42  8:09  Drone  
  42  8:10  Drone x2, Roach  
  42  8:11  Drone  
  48  8:30  Drone x2, Spore Crawler  
  48  8:31  Drone x3  
  48  8:32  Drone  
  45  8:48  Drone, Roach  
  45  8:49  Drone x2, Roach x2  
  44  9:02  Zergling x4  
  30  9:12  Spine Crawler x2  
  21  9:25  Drone  
  21  9:26  Drone x2  
Tags
 
Composition
Mass Adepts
Matchup
PvZ
Replay Pack
All Mines
Spawn Locations
Cross Positions
Add a new tag
Caveats
  • Supply blocks, unpowered buildings, or Contaminate may cause inaccurate times.
  • Supply counts are checked every 10 seconds.